 Dungeon Crawl Stone Soup version 0.27.1-34-g3ba077fa99 (webtiles) character file.

Game seed: 13303664171654920590

37 Descartes the Grasshopper (level 3, 0/28 HPs)
             Began as a Formicid Warper on Jan 1, 2022.
             Succumbed to an adder's poison
             ... on level 2 of the Dungeon.
             The game lasted 00:03:39 (1735 turns).

Descartes the Grasshopper (Formicid Warper)         Turns: 1735, Time: 00:03:40

Health: 0/28       AC:  3    Str: 15    XL:     3   Next: 62%
Magic:  6/6        EV: 11    Int: 13    God:
Gold:   34         SH:  0    Dex: 10    Spells: 4/6 levels left

rFire    . . .     SeeInvis +   a - +0 mace
rCold    . . .     Faith    .   (no shield)
rNeg     . . .     Spirit   .   b - +0 leather armour
rPois    .         Reflect  .   (helmet unavailable)
rElec    .         Harm     .   (no cloak)
rCorr    .         Rampage  .   (no gloves)
Will     .....                  (no boots)
Stlth    +.........             (no amulet)
HPRegen  0.09/turn              (no ring)
MPRegen  0.10/turn              (no ring)

@: brilliant, lethally poisoned (0 -> -2)
A: permanent stasis, dig shafts and tunnels, antennae 3, four strong arms
a: Dig, Shaft Self


You were on level 2 of the Dungeon.
You visited 1 branch of the dungeon, and saw 2 of its levels.

You collected 34 gold pieces.

Inventory:

Hand Weapons
 a - a +0 mace (weapon)
Missiles
 c - 5 boomerangs of dispersal (quivered)
Armour
 b - a +0 leather armour (worn)
 g - a +0 pair of gloves
Magical Staves
 h - a staff of poison
Scrolls
 d - 2 scrolls of identify {unknown}
 i - 3 scrolls of teleportation {unknown}


   Skills:
 + Level 2.6 Fighting
 - Level 2.2 Maces & Flails
 - Level 1.0 Throwing
 + Level 1.9 Armour
 - Level 1.7 Dodging
 + Level 2.3 Spellcasting
 + Level 3.0 Translocations
 + Level 1.1 Earth Magic


You had 4 spell levels left.
You knew the following spells:

 Your Spells              Type           Power      Damage    Failure   Level
a - Apportation           Tloc           28%        N/A       9%          1
b - Sandblast             Erth           12%        2d6       19%         1

Your spell library contained the following spells:

 Spells                   Type           Power      Damage    Failure   Level
 Gell's Gravitas          Tloc           7%         N/A       26%         3
 Lesser Beckoning         Tloc           7%         N/A       26%         3
 Teleport Other           Tloc           14%        N/A       26%         3
 Animate Skeleton         Necr           4%         N/A       30%         1
 Corona                   Hex            2%         N/A       30%         1
 Summon Small Mammal      Summ           8%         N/A       30%         1
 Passwall                 Tmut/Erth      3%         N/A       36%         2
 Manifold Assault         Tloc           14%        N/A       94%         5
 Lee's Rapid Deconstruct  Erth           3%         3d6*      99%         5
 Blink                    Tloc           Unusable   N/A       N/A         2

Dungeon Overview and Level Annotations

Branches:
Dungeon (2/15)

Altars:
Dithmenos

Annotations:
D:2 1 runed translucent door, Crazy Yiuf


Innate Abilities, Weirdness & Mutations

You cannot be hasted, slowed, berserked, paralysed or teleported.
You can dig through walls and to a lower floor.
You have a pair of large antennae on your head. (SInv)
Your four strong arms can wield two-handed weapons with a shield.


Message History

You now have 34 gold pieces (gained 10).
An adder comes into view.
The adder barely misses you.
You hit the adder but do no damage. The adder completely misses you.
The adder closely misses you.
You closely miss the adder. The adder closely misses you. The adder bites you.
You are poisoned.
The adder poisons you!
You closely miss the adder.
You feel sick. The adder bites you.
You miss the adder.
You feel sick. The adder bites you.
You are more poisoned.
The adder poisons you! The adder misses you.
You closely miss the adder.
You feel sick. The adder barely misses you. x2
You miss the adder.
You feel sick. The adder bites you. x2
You sock the adder!
The adder is severely wounded.
You feel sick. The adder bites you.
* * * LOW HITPOINT WARNING * * *
You are lethally poisoned!
The adder poisons you!
You miss the adder.
The adder is severely wounded.
* * * LOW HITPOINT WARNING * * *
You feel sick. The adder barely misses you.
The adder bites you but does no damage.
It was a potion of haste.
Your stasis prevents you from being hasted.
* * * LOW HITPOINT WARNING * * *
You feel sick. The adder barely misses you.
It was a potion of magic.
Magic courses through your body.
* * * LOW HITPOINT WARNING * * *
You feel sick. The adder bites you but does no damage.
It was a potion of brilliance.
You feel clever all of a sudden.
* * * LOW HITPOINT WARNING * * *
You feel sick. The adder barely misses you.
The adder bites you but does no damage.
You hit the adder.
The adder is almost dead.
You die...

######### #.......#
#####.#####.#
#(.......[#.#
#$#.#.#.#!#.######
#.......##......#####
###.#@#########.....#
#....S..# #.###.#.
##.#.#.## #.###.#.
##.. ## #.##.... ..#
######.##.... ##...
###..........#.
##.###............##
...#..#..........#
#.##.............#


You could see an adder.

Vanquished Creatures
  An adder skeleton (D:2)
  A dart slug (D:1)
  2 endoplasms
  2 giant cockroaches (D:1)
  2 goblins
  3 hobgoblins
  4 kobolds
  4 quokkas
  4 ball pythons
  4 bats (D:2)
  2 frilled lizards
  2 rats (D:1)
31 creatures vanquished.

Notes
Turn   | Place    | Note
-------+----------+-------------------------------------------
     0 | D:1      | Descartes the Formicid Warper began the quest for the Orb.
     0 | D:1      | Reached XP level 1. HP: 16/16 MP: 3/3
   127 | D:1      | Reached XP level 2. HP: 5/23 MP: 5/5
   393 | D:1      | Learned a level 1 spell: Apportation
   408 | D:1      | Learned a level 1 spell: Sandblast
   443 | D:1      | Found a faded altar of an unknown god.
   807 | D:1      | Reached XP level 3. HP: 23/28 MP: 6/6
  1284 | D:2      | Reached skill level 3 in Translocations
  1359 | D:2      | Found a shadowy altar of Dithmenos.
  1383 | D:2      | Reached skill level 1 in Earth Magic
  1412 | D:2      | Found a runed translucent door.
  1413 | D:2      | Noticed Crazy Yiuf
  1734 | D:2      | HP: 1/28 [poisoned by an adder]
  1735 | D:2      | Succumbed to an adder's poison

Illustrated notes

Levels and vault maps discovered:
D:1:      dpeg_arrival_short_road, layout_loops_ring,
          shapermc_ecumenical_altar_ellora
D:2:      minmay_spotlight, layout_rooms, basic_altar, minmay_misc_feat_chi,
          minmay_between, uniq_crazy_yiuf_cottage

Skill      XL: |  1  2  3 |
---------------+----------+-----
Translocations | 3 |  3.0
Earth Magic    | 1 |  1.1
Fighting       | |  2.6
Maces & Flails | |  2.2
Throwing       | |  1.0
Armour         | |  1.9
Dodging        | |  1.7
Spellcasting   | |  2.3

Action                   || total
-------------------------++-------
Melee: Mace              ||    86
  Use: Potion            ||     3
Armor: Leather armour    ||    28
Dodge: Dodged            ||    53
